 Dungeon Crawl Stone Soup version 0.25-a0-479-g8579842fd4 (webtiles) character file.

Game seed: 9270836333809747632, levelgen mode: deterministic

11 Alarak the Chopper (level 2, -6/26 HPs)
             Began as a Hill Orc Fighter on Feb 9, 2020.
             Mangled by a gnoll
             ... wielding a +0 halberd
              (9 damage)
             ... on level 1 of the Dungeon.
             The game lasted 00:01:40 (303 turns).

Alarak the Chopper (Hill Orc Fighter)                Turns: 303, Time: 00:01:41

Health: -6/26      AC:  9    Str: 18    XL:     2   Next: 29%
Magic:  2/2        EV:  7    Int:  8    God:
Gold:   21         SH:  0    Dex: 10    Spells: 1/1 levels left

rFire    . . .     SeeInvis .   a - +0 war axe
rCold    . . .     Gourm    .   (no shield)
rNeg     . . .     Faith    .   g - +0 chain mail
rPois    .         Spirit   .   (no helmet)
rElec    .         Reflect  .   (no cloak)
rCorr    .         Harm     .   (no gloves)
MR       .....                  (no boots)
Stlth    ..........             (no amulet)
HPRegen  0.08/turn              (no ring)
MPRegen  0.08/turn              (no ring)

@: no status effects
A: no striking features
a: no special abilities


You were on level 1 of the Dungeon.
You were not hungry.

You visited 1 branch of the dungeon, and saw 1 of its levels.

You collected 21 gold pieces.

Inventory:

Hand Weapons
 a - a +0 war axe (weapon)
Armour
 b - a +0 scale mail
 c - a +0 shield
 g - a +0 chain mail (worn)
Scrolls
 e - a scroll of enchant weapon {unknown}
 h - a scroll of amnesia {unknown}
 i - a scroll of fog {unknown}
Potions
 d - a potion of might
Comestibles
 f - 3 rations
 j - a chunk of flesh


   Skills:
 - Level 3.6 Fighting
 + Level 3.9 Axes
 - Level 3.2 Armour
 - Level 3.2 Shields


You had one spell level left.
You didn't know any spells.
Your spell library was empty.

Dungeon Overview and Level Annotations

Branches:
Dungeon (1/15)

Altars:


Message History

The rat closely misses you.
The kobold shouts!
You slash the ball python!
You kill the ball python!
You closely miss the rat. The rat bites you but does no damage.
The gnoll barely misses you. The rat bites you but does no damage.
The gnoll hits you with a +0 halberd.
You hit the gnoll but do no damage. You closely miss the rat.
The rat bites you but does no damage. The gnoll hits you with a +0 halberd!
* * * LOW HITPOINT WARNING * * *
You closely miss the gnoll. You closely miss the rat.
The rat bites you but does no damage.
A hobgoblin comes into view. It is wielding a +0 club.
The gnoll closely misses you. The rat bites you but does no damage.
You hit the gnoll but do no damage. You hit the rat.
You kill the rat!
You hit the kobold.
You kill the kobold!
The gnoll hits you with a +0 halberd!
You die...

##### #######
#####...######......
#...........##.#####
#...........##.#
#....$......##.#
#...........##.#####
#...........##......
...##.()........÷......#
#....g@...............#
.g.....................#
.##................#....
....)..!$...###.####.###
......!.....# #.# .##♣
.##########.# #.# ##♣.
.# #.# #.. # #.# #.. ..
#..


You could see a gnoll and a hobgoblin.

Vanquished Creatures
  A leopard gecko (D:1)
  A hobgoblin (D:1)
  2 kobolds (D:1)
  A ball python (D:1)
  3 bats (D:1)
  2 rats (D:1)
10 creatures vanquished.

Notes
Turn   | Place    | Note
-------+----------+-------------------------------------------
     0 | D:1      | Alarak the Hill Orc Fighter began the quest for the Orb.
     0 | D:1      | Reached XP level 1. HP: 19/19 MP: 1/1
   274 | D:1      | Reached XP level 2. HP: 26/26 MP: 2/2
   303 | D:1      | Mangled by a gnoll

Levels and vault maps discovered:
D:1:      nzn_arrival_settlement, layout_basic, minivault_24, minivault_4,
          minmay_domino_2

Skill      XL: |  1 |
---------------+----+-----
Axes           | 3 |  3.9
Fighting       | |  3.6
Armour         | |  3.2
Shields        | |  3.2

Action                   || total
-------------------------++-------
Melee: War axe           ||    32
Armor: Chain mail        ||    48
Dodge: Dodged            ||    24

Table legend:
 A = Non-vault XP
 B = Vault XP
 C = Vault XP percentage of total XP
 D = Non-vault monster count
 E = Vault monster count
 F = Vault count percentage of total count
                 A         B        C        D         E       F
            +---------+---------+-------+---------+---------+-------
      Total |      17 |       0 |   0.0 |      10 |       0 |   0.0
            +---------+---------+-------+---------+---------+-------
        D:1 |      17 |       0 |   0.0 |      10 |       0 |   0.0
            +---------+---------+-------+---------+---------+-------
